 Dungeon Crawl Stone Soup version 0.28-a0-1616-g050a50673c (webtiles) character file.

Game seed: 1866560575813220620

51 grumblor the Skirmisher (level 3, -3/29 HPs)
             Began as a Mummy Fighter on Jan 22, 2022.
             Slain by a goblin (4 damage)
             ... led by Robin
             ... on level 2 of the Dungeon.
             The game lasted 00:01:45 (1537 turns).

grumblor the Skirmisher (Mummy Fighter)             Turns: 1537, Time: 00:01:45

Health: -3/29      AC:  6    Str: 21    XL:     3   Next: 58%
Magic:  3/3        EV:  9    Int:  7    God:
Gold:   45         SH:  4    Dex: 11    Spells: 2/2 levels left

rFire   x . .      SeeInvis .   a - +0 war axe
rCold   + . .      Faith    .   c - +0 buckler
rNeg    + + +      Spirit   .   b - +0 scale mail
rPois   ∞          Reflect  .   (no helmet)
rElec   .          Harm     .   (no cloak)
rCorr   .          Rampage  .   (no gloves)
Will    .....                   (no boots)
Stlth   ..........              (no amulet)
HPRegen 0.09/turn               (no ring)
MPRegen 0.08/turn               (no ring)

@: no status effects
A: cold resistance 1, negative energy resistance 3, torment resistance 2, heat
vulnerability 1, no potions
a: no special abilities


You were on level 2 of the Dungeon.
You visited 1 branch of the dungeon, and saw 2 of its levels.

You collected 45 gold pieces.

Inventory:

Hand Weapons
 a - a +0 war axe (weapon)
Missiles
 e - 2 boomerangs (quivered)
 f - 3 curare-tipped darts
Armour
 b - a +0 scale mail (worn)
 c - a +0 buckler (worn)
Scrolls
 d - a scroll of teleportation {unknown}


   Skills:
 * Level 3.5 Fighting
 + Level 2.1 Axes
 * Level 0.5 Throwing
 + Level 2.7 Armour
 * Level 0.9 Dodging
 - Level 2.4 Shields


You had 2 spell levels left.
You didn't know any spells.
Your spell library was empty.

Dungeon Overview and Level Annotations

Branches:
Dungeon (2/15)

Altars:

Annotations:
D:2 Robin


Innate Abilities, Weirdness & Mutations

You are immune to poison.
Your flesh is cold resistant. (rC+)
You are immune to negative energy. (rN+++)
You are immune to unholy pain and torment.
You are vulnerable to heat. (rF-)
You do not drink.


Message History

Aim: Robin, wielding a +0 club, wearing a +0 animal skin and wearing a +0 helmet (64% to hit)
You throw a boomerang. The boomerang hits the goblin.
The goblin is severely wounded.
The goblin hits you with a +0 dagger. The goblin hits you but does no damage.
Robin throws the goblin at you!
You completely miss the goblin. You miss the goblin.
The goblin looks more healthy.
You kill the goblin!
You block the goblin's attack. The goblin hits you with a +0 dagger.
The goblin hits you with a +0 club.
Unknown command.
You hit the goblin.
The goblin is moderately wounded.
You closely miss the goblin. The goblin hits you but does no damage.
A goblin comes into view. It is wielding a +0 club.
The goblin closely misses you. The goblin hits you but does no damage.
The goblin moves out of view.
You closely miss the goblin.
The goblin is moderately wounded.
You closely miss the goblin. The goblin closely misses you.
The goblin barely misses you. The goblin hits you but does no damage.
Unknown command.
You closely miss the goblin.
The goblin is moderately wounded.
You barely miss the goblin. The goblin closely misses you.
The goblin hits you with a +0 club.
* * * LOW HITPOINT WARNING * * *
The goblin barely misses you.
Unknown command.
You closely miss the goblin.
The goblin is moderately wounded.
You completely miss the goblin.
The goblin hits you but does no damage. x2
You block the goblin's attack.
Unknown command.
You barely miss the goblin.
The goblin is moderately wounded.
You barely miss the goblin. The goblin hits you with a +0 dagger.
* * * LOW HITPOINT WARNING * * *
The goblin hits you but does no damage. The goblin hits you with a +0 dagger.
You die...

################
......g.gggS...#
.......gg..###g#
.........#####g#
#####.....### #gg#
....###### #g##
##.#.###.# #g#
#........# #@#
#..#..##.# ##g#
#..#..##.######..#
................##
#.#..#.#........#
#.#..#..........#
#.#........#.##.#
..>.#####..#..#.#
#..........##.#.#


You could see Robin and 6 goblins.

Vanquished Creatures
  An adder (D:2)
  A worm (D:2)
  2 dart slugs
  3 ball pythons
  6 bats
  5 endoplasms (D:1)
  A giant cockroach (D:1)
  3 hobgoblins
  A quokka (D:1)
  4 frilled lizards (D:2)
  4 goblins
  2 kobolds
  2 rats (D:1)
35 creatures vanquished.

Notes
Turn   | Place    | Note
-------+----------+-------------------------------------------
     0 | D:1      | grumblor the Mummy Fighter began the quest for the Orb.
     0 | D:1      | Reached XP level 1. HP: 18/18 MP: 1/1
    91 | D:1      | Reached XP level 2. HP: 24/24 MP: 2/2
  1187 | D:2      | Reached XP level 3. HP: 25/29 MP: 3/3
  1505 | D:2      | Noticed Robin
  1537 | D:2      | HP: 1/29 [goblin[Robin] (3)]
  1537 | D:2      | Slain by a goblin

Illustrated notes

Levels and vault maps discovered:
D:1:      roderic_crossed_star, layout_basic, minivault_11
D:2:      layout_loops_cross, hellmonk_ecumenical_altar_zigzags, uniq_robin

Skill      XL: |  1  2  3 |
---------------+----------+-----
Axes           | 2 |  2.1
Fighting       | |  3.5
Throwing       | |  0.5
Armour         | |  2.7
Dodging        | |  0.9
Shields        | |  2.4

Action                   || total
-------------------------++-------
Melee: War axe           ||    84
Throw: Dart              ||     6
       Boomerang         ||     1
Armor: Scale mail        ||    60
Dodge: Dodged            ||    51
Block: Buckler           ||    10

Table legend: (Time is in decaauts)
 A = Elapsed time spent in this place.
 B = Non-inter-level travel time spent in this place.
 C = Inter-level travel time spent in this place.
 D = Time resting spent in this place.
 E = Time spent auto-exploring this place.
 F = Levels seen in this place.
 G = Mean time per level.
                   A        B        C        D        E       F      G
               +--------+--------+--------+--------+--------+-----+--------+
         Total |   1574 |   1383 |    191 |      0 |   1134 |   2 |  787.0 |
       Dungeon |   1574 |   1383 |    191 |      0 |   1134 |   2 |  787.0 |
               +--------+--------+--------+--------+--------+-----+--------+

Top non-repeatable levels by time:
     D:1: 1158 daAuts
     D:2: 416 daAuts
